 Dungeon Crawl Stone Soup version 0.25-a0-737-g26c3a87c45 (webtiles) character file.

Game seed: 16740793932446891127, levelgen mode: deterministic

5656 Maedhros the Covert (level 10, -1/73 HPs)
             Began as an Octopode Artificer on Apr 12, 2020.
             Was an Elder of Ru.
             Slain by a wight
             ... wielding a +4 battleaxe
              (13 damage)
             ... on level 9 of the Dungeon.
             The game lasted 00:17:44 (9008 turns).

Maedhros the Covert (Octopode Artificer)            Turns: 9008, Time: 00:17:45

Health: -1/73      AC:  2    Str: 11    XL:     10   Next: 74%
Magic:  0/12       EV: 19    Int: 13    God:    Ru [****..]
Gold:   412        SH:  0    Dex: 17    Spells: 9/9 levels left

rFire    . . .     SeeInvis .   (no weapon)
rCold    . . .     Gourm    .   (no shield)
rNeg     + . .     Faith    .   (helmet restricted)
rPois    .         Spirit   +   j - amulet of guardian spirit
rElec    .         Reflect  .   t - ring of resist corrosion
rCorr    +         Harm     .   e - ring of wizardry
MR       .....                  h - ring of stealth
Stlth    +++++++...             u - +1 ring of protection
HPRegen  0.22/turn              w - ring of positive energy
MPRegen  0.13/turn              (no ring)
                                (no ring)
                                (no ring)

@: exhausted, no potions, drained
A: almost no armour, stealthy swim, amphibious, 8 rings, constrict 8, camouflage
1, gelatinous body 1, inability to drink while threatened, no conjurations
magic, no ice magic, no necromancy magic, inexperienced 1
a: Draw Out Power, Power Leap, Renounce Religion


You were on level 9 of the Dungeon.
You worshipped Ru.
Ru was greatly pleased with you.
You were hungry.

You visited 1 branch of the dungeon, and saw 9 of its levels.

You collected 412 gold pieces.

Inventory:

Hand Weapons
 q - a +3 hunting sling of venom
Missiles
 b - 7 curare-tipped darts (quivered)
 x - 297 stones
 E - 39 sling bullets
Jewellery
 e - a ring of wizardry (right tentacle)
 h - a ring of stealth (on tentacle)
 j - an amulet of guardian spirit (around mantle)
 t - a ring of resist corrosion (left tentacle)
 u - a +1 ring of protection (on tentacle)
 w - a ring of positive energy (on tentacle)
Wands
 d - a wand of random effects (3)
 B - a wand of scattershot (6)
 D - a wand of clouds (6)
Scrolls
 i - a scroll of teleportation
 p - 3 scrolls of magic mapping
 s - 2 scrolls of amnesia
 y - 2 scrolls of remove curse
 A - a scroll of enchant armour
Potions
 g - 2 potions of haste
 k - a potion of stabbing
 l - a potion of curing {unknown}
 n - 4 potions of might
 o - 2 potions of heal wounds
 r - 2 potions of flight
 z - a potion of resistance {unknown}
 C - a potion of mutation {unknown}
Comestibles
 f - 19 rations


   Skills:
 + Level 8.9(7.9) Fighting
   Level 1.0(0.1) Short Blades
 + Level 9.1(8.0) Dodging
 + Level 13.7(12.5) Stealth
 - Level 3.2(2.4) Evocations


You had 9 spell levels left.
You didn't know any spells.
Your spell library contained the following spells:

 Spells                   Type           Power        Failure   Level  Hunger
 Blink                    Tloc           N/A          19%         2    ###....
 Call Imp                 Summ           #.......     19%         2    ###....
 Slow                     Hex            #.......     19%         2    ###....
 Confusing Touch          Hex            #.......     34%         3    ####...
 Gell's Gravitas          Tloc           #.........   34%         3    ####...
 Petrify                  Tmut/Erth      #.......     73%         4    #####..
 Yara's Violent Unravell  Hex/Tmut       #.........   96%         5    ######.
 Magic Dart               Conj           Unusable     N/A         1    N/A
 Conjure Flame            Conj/Fire      Unusable     N/A         3    N/A
 Mephitic Cloud           Conj/Pois/Air  Unusable     N/A         3    N/A
 Metabolic Englaciation   Hex/Ice        Unusable     N/A         5    N/A

Dungeon Overview and Level Annotations

Branches:
Dungeon (9/15)             Temple (0/1) D:7
   Lair: D:8-11         Orc: D:9-12

Altars:
Cheibriados
Dithmenos
Kikubaaqudgha
Makhleb
Nemelex Xobeh
Okawaru
Ru
Sif Muna
Trog
Uskayaw
Vehumet
Xom
Zin

Shops:
D:6 %

Annotations:
D:5 Dowan, Duvessa
D:9 exclusion: ice statue


Innate Abilities, Weirdness & Mutations

You cannot wear most types of armour.
You are very stealthy in the water. (Stealth+)
You are amphibious.
You can wear up to eight rings at the same time.
You can use your tentacles to constrict eight enemies at once.
Your skin changes colour to match your surroundings (Stealth+).
Your rubbery body absorbs attacks. (AC +1, EV +1)
You cannot drink potions while threatened.
You cannot study or cast Conjurations magic.
You cannot study or cast Ice magic.
You cannot study or cast Necromancy magic.
You are somewhat inexperienced. (-2 XL)


Message History

Okay, then.
Evoke which item? (* to show all) (? for menu, Esc to quit)
Okay, then.
Level annotation: exclusion: ice statue Welcome back, Maedhros the Octopode Artificer.
Ru says: Cut away your false body!
Press ? for a list of commands and other information.
Okay, then.
You cannot drink potions in your current state!
You don't know any spells.
Okay, then.
As you read the scroll of fear, it crumbles to dust.
You assume a fearsome visage.
The water moccasin looks frightened!
The bullfrog looks frightened!
The wight is unaffected. x3
You constrict the wight. x2
The wight hits you with a cursed +4 flail.
* * * LOW HITPOINT WARNING * * *
You partially resist.
You feel drained. The wight hits you but does no damage.
The wight hits you with a +4 battleaxe!
You die...

....oz...#..
##....
#............
#?........%..
)...>.....#.
#.........._
##.........#.
#....F....(..
#...z........
#...z@.......
##S>[z...#...
##<..####
#####


You could see a water moccasin (fleeing), a bullfrog (fleeing) and 3 wights.

Vanquished Creatures
  A two-headed ogre (D:8)
  Joseph (D:8)
  Maggie (D:9)
  A troll (D:9)
  Prince Ribbit (D:5)
  Grinder (D:5)
  2 hippogriffs (D:7)
  Eustachio (D:4)
  4 hogs (D:8)
  A hungry ghost (D:7)
  A human (D:8)
  A sky beast (D:6)
  An ice beast (D:5)
  2 orc warriors
  2 ogres
  A phantom (D:6)
  2 centaurs
  2 bullfrogs
  2 scorpions
  3 orc wizards
  3 killer bees (D:8)
  2 wights (D:9)
  An electric eel (D:8)
  4 crimson imps
  A bullfrog zombie (D:8)
  5 hounds
  3 jellies
  2 bullfrog skeletons
  A centaur skeleton (D:5)
  5 orc priests
  3 iron imps (D:8)
  An iguana (D:8)
  8 worker ants
  A hound skeleton (D:7)
  A worker ant zombie (D:7)
  6 adders
  4 gnolls (D:7)
  3 shadow imps
  An ooze (D:2)
  2 adder skeletons
  3 worms
  6 dart slugs
  2 leopard geckos
  12 orcs
  A giant cockroach (D:1)
  11 goblins
  3 hobgoblins
  10 jackals
  A quokka (D:8)
  A ball python (D:2)
  8 bats
  7 frilled lizards
  5 kobolds
  10 rats
168 creatures vanquished.

Vanquished Creatures (collateral kills)
  A centaur (D:7)
  A hound (D:4)
  An orc priest (D:4)
  An orc (D:4)
  A giant cockroach (D:7)
  2 goblins (D:4)
  A hobgoblin (D:4)
  2 rats (D:2)
10 creatures vanquished.

Vanquished Creatures (others)
  A centaur (D:7)
  2 ogres
  A bullfrog (D:7)
  An orc priest (D:5)
  An orc (D:7)
  A jackal (D:9)
7 creatures vanquished.

Grand Total: 185 creatures vanquished

Notes
Turn   | Place    | Note
-------+----------+-------------------------------------------
     0 | D:1      | Maedhros the Octopode Artificer began the quest for the
                  | Orb.
     0 | D:1      | Reached XP level 1. HP: 13/13 MP: 3/3
    70 | D:1      | Reached skill level 2 in Stealth
   363 | D:1      | Reached XP level 2. HP: 18/18 MP: 4/4
   366 | D:1      | Reached skill level 3 in Stealth
   397 | D:2      | Found a sacrificial altar of Ru.
   409 | D:2      | Became a worshipper of Ru the Awakened
   410 | D:2      | Reached skill level 4 in Stealth
   443 | D:2      | Reached XP level 3. HP: 2/23 MP: 5/5
  1202 | D:2      | Reached skill level 5 in Stealth
  1373 | D:2      | Reached XP level 4. HP: 28/28 MP: 6/6
  1423 | D:2      | Reached skill level 6 in Stealth
  1450 | D:2      | Gained mutation: You cannot drink potions while threatened.
                  | [Ru sacrifice]
  1450 | D:2      | Reached * piety under Ru
  1888 | D:3      | Found a snail-covered altar of Cheibriados.
  2105 | D:3      | Reached XP level 5. HP: 33/33 MP: 7/7
  2237 | D:3      | Reached skill level 7 in Stealth
  2522 | D:4      | Found a radiant altar of Vehumet.
  2868 | D:4      | Reached XP level 6. HP: 24/39 MP: 6/8
  3007 | D:4      | Noticed Eustachio
  3033 | D:4      | Killed Eustachio
  3033 | D:4      | Reached skill level 8 in Stealth
  3033 | D:4      | Reached XP level 7. HP: 19/45 MP: 5/9
  3593 | D:5      | Entered Level 5 of the Dungeon
  3613 | D:5      | Gained mutation: You are somewhat inexperienced. (-2 XL)
                  | [Ru sacrifice]
  3613 | D:5      | Reached XP level 6. HP: 42/42 MP: 8/8
  3613 | D:5      | Reached XP level 5. HP: 36/36 MP: 7/7
  3613 | D:5      | Reached ** piety under Ru
  3613 | D:5      | Reached *** piety under Ru
  3616 | D:5      | Noticed Grinder
  3632 | D:5      | Killed Grinder
  3632 | D:5      | Reached XP level 6. HP: 35/43 MP: 6/8
  3646 | D:5      | Noticed Duvessa
  3646 | D:5      | Noticed Dowan
  3904 | D:4      | Reached skill level 9 in Stealth
  3908 | D:4      | Reached XP level 7. HP: 43/47 MP: 6/9
  3939 | D:5      | Found an iron altar of Okawaru.
  3939 | D:5      | Found a snail-covered altar of Cheibriados.
  4090 | D:5      | Noticed Prince Ribbit
  4103 | D:5      | Killed Prince Ribbit
  4274 | D:5      | Reached skill level 5 in Dodging
  4370 | D:5      | Found a hide-covered altar of Uskayaw.
  4423 | D:5      | Reached skill level 10 in Stealth
  4423 | D:5      | Reached XP level 8. HP: 54/54 MP: 10/10
  4668 | D:6      | Reached skill level 5 in Fighting
  4781 | D:6      | Found a shimmering blue altar of Sif Muna.
  4802 | D:6      | Found a bloodstained altar of Trog.
  4869 | D:6      | Found Ipnirgh's Food Shoppe.
  5097 | D:6      | Found a sparkling altar of Nemelex Xobeh.
  5332 | D:6      | Reached skill level 11 in Stealth
  5578 | D:6      | Found an ancient bone altar of Kikubaaqudgha.
  5781 | D:7      | Reached XP level 9. HP: 55/62 MP: 9/11
  5882 | D:7      | You fall into a shaft and drop 1 floor!
  5895 | D:8      | Noticed Joseph
  6221 | D:8      | Killed Joseph
  6221 | D:8      | Reached skill level 12 in Stealth
  6233 | D:8      | Noticed a two-headed ogre
  6242 | D:8      | Killed a two-headed ogre
  6242 | D:8      | Reached XP level 10. HP: 54/72 MP: 10/12
  6324 | D:8      | Found a shadowy altar of Dithmenos.
  6364 | D:8      | Gained mutation: You cannot study or cast Ice magic. [Ru
                  | sacrifice]
  6364 | D:8      | Gained mutation: You cannot study or cast Necromancy magic.
                  | [Ru sacrifice]
  6364 | D:8      | Gained mutation: You cannot study or cast Conjurations
                  | magic. [Ru sacrifice]
  6364 | D:8      | Reached **** piety under Ru
  6447 | D:8      | Found a shimmering altar of Xom.
  6727 | D:8      | Found a burning altar of Makhleb.
  6804 | D:8      | Reached skill level 13 in Stealth
  6872 | D:8      | Found a glowing silver altar of Zin.
  7388 | D:7      | Found a staircase to the Ecumenical Temple.
  8664 | D:9      | Noticed an ice statue
  8665 | D:9      | Noticed Maggie
  8680 | D:9      | Killed Maggie
  9002 | D:9      | Found a shimmering blue altar of Sif Muna.
  9008 | D:9      | Slain by a wight

Levels and vault maps discovered:
D:1:      lemuel_arrival_behind_the_door_small, layout_loops_cross,
          minmay_domino_4
D:2:      layout_rooms, old_standard_altar, corexii_corridor_pit
D:3:      layout_loops_corners, cheibriados_altar_1
D:4:      kennysheep_the_goblin_king, layout_cave_pods, vehumet_crystals,
          uniq_eustachio
D:5:      layout_cave_pools, eat_drink_and_be_merry_uskayaw, okawaru_trees_1,
          first_ration, basic_altar, hangedman_abyss_or_decor_lesser_grid,
          st_stairs_6, minmay_statues_item, uniq_duvessa, uniq_grinder,
          uniq_prince_ribbit1
D:6:      layout_basic, old_standard_altar, lightli_temple_of_fire,
          lemuel_coloured_pillars_altar, basic_altar, serial_shops, shop
D:7:      layout_rooms, minmay_temple_entry_arrows
D:8:      layout_basic, kennysheep_mini_moat, demons_altar, zin_scriptorium,
          nicolae_dithmenos_through_a_glass_darkly, grunt_livestock, uniq_joseph
D:9:      layout_rooms, lemuel_crystal_altar, orc_0_dummy, minmay_statue_bubble,
          uniq_maggie, uniq_maurice

Skill      XL: |  1  2  3  4  5  6  7  8  9 10 |
---------------+-------------------------------+-----
Stealth        | 2 4 5 6 7 9 10 11 12 13 | 13.7
Fighting       | 2 4 6 7 8 |  8.9
Dodging        | 4 3 5 6 8 9 |  9.1
Short Blades   | |  1.0
Evocations     | |  3.2

Action                   |  1- 3 |  4- 6 |  7- 9 | 10-12 || total
-------------------------+-------+-------+-------+-------++-------
Melee: Short sword       |    62 |    69 |       |       ||   131
       Constrict         |    16 |    31 |    30 |    36 ||   113
       Tentacles         |    13 |    26 |    67 |    59 ||   165
       Mace              |       |    55 |    34 |       ||    89
       Unarmed           |       |       |   195 |   186 ||   381
 Fire: Hunting sling     |       |       |       |     9 ||     9
Invok: Sacrifice Drink   |       |     1 |       |       ||     1
       Sacrifice Experie |       |     1 |       |       ||     1
       Draw Out Power    |       |     1 |     3 |       ||     4
       Power Leap        |       |       |       |    11 ||    11
       Sacrifice Arcana  |       |       |       |     1 ||     1
Evoke: Wand              |     3 |    11 |    30 |     9 ||    53
  Use: Scroll            |     2 |     5 |     3 |     9 ||    19
       Potion            |       |     1 |     2 |       ||     3
 Stab: Sleeping          |     2 |     9 |    11 |    11 ||    33
       Distracted        |     2 |       |       |       ||     2
       Invisible         |       |       |     2 |     2 ||     4
  Eat: Chunk             |     1 |     5 |     8 |     4 ||    18
       Ration            |       |     1 |       |     2 ||     3
Armor: Skin              |    10 |    35 |    11 |    14 ||    70
Dodge: Dodged            |    38 |   120 |   157 |   206 ||   521

Table legend:
 A = Non-vault XP
 B = Vault XP
 C = Vault XP percentage of total XP
 D = Non-vault monster count
 E = Vault monster count
 F = Vault count percentage of total count
                 A         B        C        D         E       F
            +---------+---------+-------+---------+---------+-------
      Total |    5716 |    2852 |  33.3 |     157 |      26 |  14.2
            +---------+---------+-------+---------+---------+-------
        D:1 |      34 |       8 |  19.0 |      21 |       3 |  12.5
        D:2 |      98 |       0 |   0.0 |      30 |       0 |   0.0
        D:3 |      51 |       0 |   0.0 |       9 |       0 |   0.0
        D:4 |     359 |     238 |  39.9 |      14 |       9 |  39.1
        D:5 |     306 |     686 |  69.2 |      11 |       4 |  26.7
        D:6 |    1021 |       0 |   0.0 |      21 |       0 |   0.0
        D:7 |    1482 |       0 |   0.0 |      21 |       0 |   0.0
        D:8 |    1888 |    1531 |  44.8 |      23 |       9 |  28.1
        D:9 |     477 |     389 |  44.9 |       7 |       1 |  12.5
            +---------+---------+-------+---------+---------+-------
